 Dungeon Crawl Stone Soup version 0.18-a0-382-gd7addec (webtiles) character file.

964391 Warspiderx the Conqueror (level 27, 0/245 HPs)
             Began as a Minotaur Berserker on Nov 30, 2015.
             Was a High Priest of Trog.
             Killed by the effects of Hell (14 damage)
             ... on level 7 of Gehenna on Dec 1, 2015.
             The game lasted 13:24:22 (99681 turns).

Warspiderx the Conqueror (Minotaur Berserker)      Turns: 99681, Time: 13:24:26

Health: 0/245      AC: 50    Str: 30    XL:     27
Magic:  35/35      EV: 34    Int:  4    God:    Trog [*****.]
Gold:   11096      SH:  0    Dex: 24    Spells: 0 memorised, 26 levels left

rFire  + . .     SeeInvis .     q - +9 executioner's axe (vamp)
rCold  . . .     Clarity  +     e - +10 plate armour {MR+}
rNeg   + + .     SustAt   .     (shield currently unavailable)
rPois  +         Gourm    .     (helmet unavailable)
rElec  +         Spirit   .     O - +2 cloak {MR+}
rCorr  .         Warding  +     D - +2 pair of gloves {Dex+3}
rMut   .         NoTele   +     N - +2 pair of boots
MR     +++++                    M - amulet of Cekugob {Ward -Tele rElec rPois rN++ AC+1 EV+1}
Stlth  ++........               U - ring "Ruegus" {MR+ Dex+3}
                                F - ring "Ahuwou Zuni" {+Fly rElec MP+9 Dex+8 Stlth-}

@: very slightly contaminated, almost entirely resistant to hostile
enchantments, unstealthy
A: retaliatory headbutt, claws 1, hooves 2, horns 3, icy blue scales 1, rough
black scales 1, clarity, fire resistance 1, frail 1, low mp 1, weak 2, evolution
1, MP-powered wands
a: Berserk, Trog's Hand, Brothers in Arms, Burn Spellbooks, Renounce Religion,
Evoke Flight
}: 7/15 runes: barnacled, slimy, silver, golden, iron, abyssal, gossamer


You were on level 7 of Gehenna.
You worshipped Trog.
Trog was extremely pleased with you.
You were very hungry.

You visited 14 branches of the dungeon, and saw 75 of its levels.
You visited the Abyss 2 times.
You visited 1 bazaar.

You collected 12297 gold pieces.
You spent 1201 gold pieces at shops.

Inventory:

Hand Weapons
 h - a +5 bardiche of holy wrath
 q - a +9 vampiric executioner's axe (weapon)
Missiles
 t - 9 poisoned javelins (quivered)
Armour
 e - a +10 plate armour of magic resistance (worn)
 D - a +2 pair of gloves of dexterity (worn)
 N - a +2 pair of boots (worn)
 O - a +2 cloak of magic resistance (worn)
Jewellery
 g - the amulet of Doitietu {Stasis rN++ Str+2 Dex-2}
   (You took it off a deep elf demonologist on level 5 of the Vaults)

   [amulet of stasis]

   It prevents you from being teleported, slowed, hasted or paralysed.
   It affects your strength (+2).
   It affects your dexterity (-2).
   It greatly protects you from negative energy.
 j - the ring of Ethics {+/*Tele rF+}
   (You found it on level 3 of the Elven Halls)

   [ring of teleportation]

   It may teleport you to nearby monsters, and can be evoked to randomly
   teleport.
   It protects you from fire.
 p - an uncursed ring of sustain attributes
 F - the ring "Ahuwou Zuni" (left hand) {+Fly rElec MP+9 Dex+8 Stlth-}
   (You found it on level 3 of the Elven Halls)

   [ring of flight]

   It affects your dexterity (+8).
   It insulates you from electricity.
   It affects your magic capacity (+9).
   It lets you fly.
   It makes you less stealthy.
 M - the amulet of Cekugob (around neck) {Ward -Tele rElec rPois rN++ AC+1 EV+1}
   (You found it on level 3 of the Tomb of the Ancients)

   [amulet of warding]

   It may prevent the melee attacks of summoned creatures.
   It affects your AC (+1).
   It affects your evasion (+1).
   It insulates you from electricity.
   It protects you from poison.
   It greatly protects you from negative energy.
   It prevents most forms of teleportation.
 U - the ring "Ruegus" (right hand) {MR+ Dex+3}
   (You found it on level 7 of the Iron City of Dis)

   [ring of dexterity]

   It affects your dexterity (+3).
   It affects your resistance to hostile enchantments.
Wands
 w - a wand of teleportation (7)
 G - a wand of disintegration (13)
 I - a wand of confusion (27)
 T - a wand of hasting (7)
 Y - a wand of paralysis (14)
Scrolls
 b - a scroll of silence
 d - 3 scrolls of summoning
 i - 25 scrolls of remove curse
 x - 10 scrolls of teleportation
 C - 12 scrolls of blinking
 E - a scroll of holy word
 H - 8 scrolls of identify
 S - 7 scrolls of fear
Potions
 f - 21 potions of curing
 k - 4 potions of cancellation
 m - a potion of resistance
 n - 6 potions of heal wounds
 o - 7 potions of agility
 u - 10 potions of haste
 z - 8 potions of might
Miscellaneous
 r - a box of beasts {used: 1}
 A - 2 phantom mirrors
 R - a lamp of fire
 V - a sack of spiders
 W - a phial of floods
 X - the horn of Geryon
Comestibles
 c - 41 bread rations


   Skills:
 O Level 27 Fighting
 O Level 27 Axes
 - Level 22.4(27) Polearms
 * Level 10.3 Throwing
 O Level 27 Armour
 O Level 27 Dodging
 - Level 22.9 Stealth
 + Level 10.4 Evocations


You had 26 spell levels left.
You didn't know any spells.

Dungeon Overview and Level Annotations

Branches:
Dungeon (15/15)            Temple (0/1) D:7            Lair (8/8) D:10
 Shoals (4/4) Lair:4       Spider (4/4) Lair:4        Slime (6/6) Lair:7
    Orc (4/4) D:12            Elf (3/3) Orc:4        Vaults (5/5) D:14
  Crypt (3/3) Vaults:2       Tomb (3/3) Crypt:3      Depths (5/5) D:15
   Hell (1/1)                 Dis (7/7) Hell            Geh (7/7) Hell
    Coc (0/7) Hell            Tar (0/7) Hell            Zot (0/5) Depths:5

Altars:
Ashenzari
Cheibriados
Elyvilon
Gozag
Kikubaaqudgha
Nemelex Xobeh
Ru
Trog
Vehumet
Xom
Yredelemnul
The Shining One
Beogh
Jiyva
Lugonu

Shops:
D:13 ?   D:14 *%   Orc:1 }   Orc:2 !   Orc:4 (([   Elf:2 (:=   Shoals:4 *
Vaults:1 ?

Portals:
Hell: Depths:1 Depths:2 Depths:3 Depths:4 Depths:5
Abyss: Depths:3 Depths:4
Pandemonium: Depths:1 Depths:3
Ziggurat: Depths:1

Annotations:
Depths:5 exclusion: ice statue


Innate Abilities, Weirdness & Mutations

You reflexively headbutt those who attack you in melee.
You have a pair of large horns on your head.
You have sharp fingernails.
You have hoof-like feet.
You are partially covered in icy blue scales (AC +1).
You are partially covered in rough black scales (AC +4, Dex -1).
You possess an exceptional clarity of mind.
Your flesh is heat resistant.
You are frail (-10% HP).
Your magical capacity is low (-10% MP).
You are very weak. (Str -4)
You evolve.
You expend magic power (3 MP) to strengthen your wands.


Message History

The Brimstone Fiend gestures at you.
The hellfire explodes!
The blast of hellfire engulfs you!
* * * LOW HITPOINT WARNING * * *
The blast of hellfire engulfs the wraith.
The wraith is destroyed!
The blast of hellfire engulfs the Brimstone Fiend.
The Brimstone Fiend completely resists.
You slice the Brimstone Fiend!!
You kill the Brimstone Fiend!
Trog accepts your kill.
The crimson imp blinks!
A snapping turtle skeleton comes into view.
You closely miss the crimson imp. The crimson imp misses you.
You furiously retaliate!
You headbutt the crimson imp!!
You kill the crimson imp!
Trog accepts your kill. "Trespassers are not welcome here!"
You resist.
You are blasted with searing flames!
The searing flames burn away your fire resistance!
You die...

..# ...Z..§§§
...... ......≈§§
....... .......§§
...§...##......≈§
#......##......≈§
.............≈§§
#..........≈§§§§
#....@.≈§≈§≈≈
#......§§§≈§.
##......≈≈≈Z.
####.....§§§§..
##..#....≈§≈§§..
##........≈≈§≈§..
#........≈≈≈§§≈§.
#.......≈≈≈≈≈≈≈..
#.......≈≈§§§§≈.


You could see a snapping turtle skeleton.

Vanquished Creatures
  the royal jelly (Slime:6)
  3 ancient liches
  Mara (Tomb:1)
  30 greater mummies
  The ghost of twist the Warrior, a master HaEn of Yredelemnul (Crypt:2)
  14 iron giants
  Frederick (Depths:5)
  Margery (Vaults:1)
  Geryon (Hell)
  Nikola (Shoals:3)
  5 golden dragons
  8 liches
  3 bone dragons
  38 Brimstone Fiends
  Jorgrun (Vaults:1)
  3 tentacled monstrosities (Vaults:5)
  Rupert (Lair:4)
  13 Hell Sentinels
  Asterion (Elf:1)
  3 titans (Vaults:5)
  3 deep elf blademasters
  4 Ice Fiends
  3 quicksilver dragons
  4 Executioners
  2 deep elf master archers (Elf:3)
  2 Shadow Fiends
  4 ancient champions
  Polyphemus (Shoals:2)
  5 tentacled starspawn
  7 shadow dragons
  The ghost of Proton the Severer, an adept FoFi of Ru (Spider:4)
  6 sphinxes
  29 acid blobs
  6 eldritch tentacles
  A draconian monk (Depths:5)
  5 tengu reavers
  7 storm dragons
  6 revenants
  Ilsuiw (Shoals:4)
  10 fire giants
  18 azure jellies
  9 frost giants
  8 balrugs
  Maud (Lair:7)
  12 iron dragons
  A draconian scorcher (Depths:5)
  2 draconian shifters (Depths:5)
  7 deep elf sorcerers
  Louise (Vaults:1)
  2 emperor scorpions
  A caustic shrike zombie (Depths:4)
  6 ghost moths
  13 vault wardens
  3 cacodemons
  3 curse skulls
  4 draconian zealots (Depths:5)
  An orc warlord (Vaults:5)
  11 ironheart preservers
  9 ghouls
  77 reapers
  44 stone giants
  8 deep elf demonologists
  17 war gargoyles
  A green draconian (Depths:5)
  14 very ugly things
  Nessos (D:13)
  10 salamander stormcallers
  4 black draconians (Depths:5)
  3 vampire knights
  A purple draconian (Depths:5)
  2 yellow draconians (Depths:5)
  10 deep elf annihilators
  2 dire elephants
  5 white draconians (Depths:5)
  3 lorocyprocas
  30 spark wasps
  2 mottled draconians (Depths:5)
  6 blizzard demons
  A red draconian (Depths:5)
  9 ettins
  5 merfolk javelineers
  Snorg (Orc:1)
  3 green deaths
  7 deep elf death magi
  11 eidola
  3 minotaurs (Vaults:1)
  27 mummy priests
  15 yaktaur captains
  14 quicksilver dragon zombies
  10 merfolk impalers
  15 death oozes
  3 deep elf high priests (Elf:3)
  2 jiangshi (Crypt:3)
  Josephine (Lair:6)
  18 great orbs of eyes
  31 vault guards
  7 fire dragons
  A kraken zombie (Hell)
  8 entropy weavers
  5 ice dragons
  5 quicksilver dragon skeletons
  An ice dragon (shapeshifter) (Vaults:5)
  Harold (Lair:3)
  2 rakshasas
  7 hydras
  A hell beast (Dis:7)
  Erolcha (Vaults:1)
  5 merfolk aquamancers
  2 merfolk avatars (Shoals:4)
  Erica (Orc:1)
  An anaconda (shapeshifter) (Vaults:4)
  2 alligator snapping turtles
  8 centaur warriors
  A spriggan air mage (Depths:5)
  A catoblepas (Tomb:2)
  9 death yaks
  17 dancing weapons
  4 satyrs
  18 ogre magi
  A thrashing horror (Abyss:3)
  13 deep troll shamans
  6 death knights
  81 hell knights
  An orc high priest (Orc:4)
  4 tengu warriors
  19 hell hogs
  5 vampire magi
  A queen ant (Lair:4)
  10 titan zombies
  8 deep troll earth magi
  Urug (Lair:4)
  6 spriggan berserkers
  3 iron golems
  10 soul eaters
  9 storm dragon zombies
  9 sun demons
  2 spriggans (Depths:4)
  23 deep elf knights
  9 wretched stars
  A fire crab (Geh:6)
  5 titan skeletons
  90 skeletal warriors
  4 shadow wraiths
  5 iron trolls
  7 wizards
  A salamander mystic (Vaults:3)
  2 unseen horrors
  12 spatial maelstroms (Abyss:3)
  5 storm dragon skeletons
  6 golden dragon zombies
  An unseen horror (shapeshifter) (Vaults:5)
  4 ghost moth zombies
  6 giant orange brains
  16 flayed ghosts
  A quicksilver dragon simulacrum (Abyss:3)
  29 deep trolls
  10 anaconda zombies
  5 death scarabs
  10 sea snakes
  A shadow demon (Dis:5)
  6 hill giants
  9 deep elf summoners
  An orange crystal statue (Elf:3)
  A lindwurm (Lair:7)
  26 anubis guards
  26 phantasmal warriors
  A kraken simulacrum (Hell)
  16 wolf spider zombies
  A sphinx zombie (Vaults:3)
  8 anaconda skeletons
  13 shadow dragon zombies
  6 iron dragon zombies
  44 wolf spiders
  2 golden dragon skeletons
  A mana viper (shapeshifter) (Vaults:4)
  19 harpies
  11 ironbrand convokers
  4 water nymphs
  40 necromancers
  An oklob plant (Lair:2)
  14 orc knights
  A harpy (shapeshifter) (Depths:5)
  8 manticores
  10 cyclopes
  15 deep elf conjurers
  The ghost of benitares the Grappler, a novice VSMo of Cheibriados (D:7)
  4 tengu skeletons
  An orb spider (shapeshifter) (D:15)
  6 shadow dragon skeletons
  7 hornets
  14 fire giant zombies
  A water nymph (shapeshifter) (Elf:3)
  6 fauns
  6 orc sorcerers
  34 ugly things
  22 orb spiders
  6 salamanders
  5 stone giant zombies
  6 frost giant zombies
  9 black mambas
  4 iron dragon skeletons
  14 griffons
  5 centaur zombies
  4 elephants (Lair:6)
  7 fire giant skeletons
  3 moths of wrath
  106 rust devils
  2 human skeletons
  10 smoke demons
  Maurice (D:9)
  A worldbinder (Abyss:3)
  6 frost giant skeletons
  6 shock serpent zombies
  5 stone giant skeletons
  Joseph (D:7)
  18 large abominations
  8 dire elephant zombies
  5 shining eyes
  6 sirens
  2 spriggan skeletons
  A guardian serpent (shapeshifter) (Vaults:1)
  6 molten gargoyles
  2 eyes of devastation
  12 vault sentinels
  3 orange demons
  2 komodo dragons (shapeshifter)
  A grey draconian zombie (Crypt:2)
  45 hellions
  A yellow draconian zombie (Crypt:2)
  An anaconda simulacrum (Hell)
  5 dire elephant skeletons
  76 yaktaurs
  2 emperor scorpion zombies
  2 golden dragon simulacra
  12 efreet
  58 tormentors
  44 red devils
  9 komodo dragons
  3 catoblepas zombies
  26 ice devils
  25 spiny frogs
  13 hellwings (Crypt:3)
  47 guardian mummies
  10 ancient zymes
  4 kobold demonologists
  3 tengu conjurers
  A black draconian skeleton (Crypt:2)
  8 harpy zombies
  A minotaur zombie (Dis:3)
  30 merfolk
  19 freezing wraiths
  13 deep elf priests
  8 giant leeches
  10 trolls
  29 two-headed ogres
  5 wind drakes
  11 hydra zombies
  11 demonic crawlers
  8 fire drakes
  An iron dragon simulacrum (Abyss:3)
  2 shadow dragon simulacra (Depths:5)
  11 fire dragon zombies
  A minotaur skeleton (Crypt:1)
  27 ushabtiu
  20 jumping spiders
  A tarantella zombie (Crypt:2)
  6 harpy skeletons
  A two-headed ogre (shapeshifter) (Depths:3)
  A frost giant simulacrum (Depths:4)
  5 raiju
  36 blink frogs
  2 human simulacra
  8 ettin zombies
  89 flying skulls
  5 hydra skeletons
  6 ice dragon zombies
  130 slime creatures
  A griffon zombie (Crypt:2)
  9 snapping turtles
  A dire elephant simulacrum (Tomb:2)
  5 alligator zombies
  A hornet zombie (Crypt:1)
  19 vampires
  A tarantella (shapeshifter) (Elf:2)
  A boulder beetle (shapeshifter) (Vaults:5)
  69 redbacks
  A redback (shapeshifter) (Vaults:5)
  2 alligator skeletons
  14 boulder beetles
  6 ettin skeletons
  61 wraiths
  7 ice dragon skeletons
  5 black mamba zombies
  A spriggan (shapeshifter) (Depths:1)
  32 shadows
  29 deep elf magi
  15 trapdoor spiders
  34 fire elementals
  13 humans (Vaults:1)
  37 tarantellas
  2 black mamba skeletons
  2 wyverns
  2 ynoxinuls (Abyss:3)
  4 fire dragon skeletons
  36 water elementals
  42 yaks
  2 hungry ghosts
  3 chaos spawn (Abyss:3)
  7 hippogriffs
  9 fire bats
  52 deep elf fighters
  2 basilisks (shapeshifter)
  12 vampire mosquitoes
  A basilisk (Lair:3)
  3 neqoxecs
  14 wolves
  19 golden eyes
  A hippogriff (shapeshifter) (Vaults:2)
  A naga (shapeshifter) (Abyss:3)
  A putrid demonspawn zombie (Crypt:1)
  4 merfolk zombies
  4 soldier ants (Lair:4)
  12 swamp worms (Spider:2)
  20 water moccasins
  5 mottled dragons
  6 wargs
  5 spiny frog zombies
  12 spatial vortices (Abyss:3)
  A black bear (shapeshifter) (D:13)
  129 hell hounds
  A merfolk skeleton (Geh:3)
  A swamp dragon zombie (Dis:6)
  12 phantoms
  7 wasps
  13 porcupines
  72 ogres
  4 sky beasts
  2 snapping turtle zombies
  A black bear (Lair:5)
  5 ice beasts
  47 orc warriors
  9 spiny frog skeletons
  12 necrophages
  9 eyes of draining
  4 manticore zombies
  8 crocodiles
  5 swamp dragon skeletons
  4 snapping turtle skeletons
  3 manticore skeletons
  An eye of draining (shapeshifter) (Vaults:5)
  15 centaurs
  5 boggarts
  An elf simulacrum (Depths:5)
  5 big kobolds
  2 elf zombies
  A fire drake skeleton (Crypt:1)
  16 giant frogs
  A gnoll sergeant (D:8)
  A wyvern zombie (D:11)
  9 wyvern skeletons
  28 killer bees
  A shapeshifter zombie (Crypt:2)
  5 scorpions
  A spriggan zombie (Dis:4)
  7 electric eels
  A warg skeleton (Crypt:2)
  14 small abominations
  106 wights
  13 crimson imps
  31 orc priests
  24 orc wizards
  26 starcursed masses (Abyss:3)
  3 giant frog zombies
  2 quasits
  A giant frog skeleton (D:9)
  5 hounds
  59 jellies
  4 centaur skeletons
  2 gnoll shamans
  A human zombie (Dis:4)
  7 iguanas
  39 iron imps
  39 worker ants
  A felid skeleton (Crypt:1)
  A sky beast zombie (Crypt:1)
  A tengu zombie (Geh:2)
  18 sheep
  4 hound zombies
  68 mummies
  2 hound skeletons (D:5)
  A worker ant zombie (D:9)
  7 adders
  42 river rats
  A gnoll (shapeshifter) (Vaults:5)
  17 gnolls
  A white imp (Abyss:3)
  2 ufetubi
  18 oozes
  2 adder zombies (D:8)
  12 worms
  6 giant geckos
  208 orcs
  A ball python (D:4)
  5 bats (D:1)
  4 giant cockroaches
  11 goblins
  2 hobgoblins
  7 jackals (D:5)
  26 kobolds
  7 quokkas
  A ball python zombie (Crypt:1)
  A giant cockroach zombie (D:6)
  A giant gecko zombie (D:6)
  5 giant newts
  A gnoll skeleton (Crypt:2)
  A kobold skeleton (Geh:3)
  2 orc zombies
  10 rats
  6 crawling corpses (Elf:3)
  7 fire vortices
  6 fungi
  36 plants
  3 starspawn tentacles
  2 tentacles (Hell)
4889 creatures vanquished.

Vanquished Creatures (collateral kills)
  Dispater (Dis:7)
  3 greater mummies (Tomb:1)
  Arachne (Spider:4)
  Donald (Orc:3)
  An emperor scorpion (Spider:4)
  An orc warlord (Orc:4)
  A ghoul (Vaults:1)
  A stone giant (Vaults:1)
  A reaper (Geh:6)
  3 merfolk javelineers (Shoals:4)
  2 minotaurs (Vaults:1)
  2 mummy priests (Tomb:1)
  A catoblepas (Shoals:2)
  A merfolk aquamancer (Shoals:4)
  A hornet (Spider:4)
  A siren (Shoals:4)
  A yaktaur (Vaults:1)
  A kobold demonologist (Vaults:1)
  2 jumping spiders (Spider:4)
  4 merfolk (Shoals:4)
  An ushabti (Tomb:1)
  A trapdoor spider (Spider:4)
  A human (Vaults:1)
  2 deep elf fighters (Orc:3)
  A soldier ant (Lair:4)
  3 orc warriors (Orc:4)
  A porcupine (Lair:4)
  A centaur (Shoals:2)
  2 electric eels (Lair:2)
  2 orc priests
  A worker ant (Lair:4)
  6 sheep (Lair:4)
  A mummy (Tomb:1)
  3 river rats (Lair:4)
  6 orcs (Orc:4)
62 creatures vanquished.

Vanquished Creatures (others)
  An eldritch tentacle (Geh:1)
  A tengu reaver (Vaults:5)
  A spark wasp (Depths:1)
  Fannar (Orc:1)
  An ogre mage (Vaults:5)
  A golden dragon zombie (Geh:5)
  An anaconda zombie (Tomb:3)
  An unseen horror (D:10)
  An ugly thing (Depths:1)
  A fire giant zombie (Geh:3)
  A rust devil (Geh:7)
  A molten gargoyle (Geh:7)
  A vault sentinel (Vaults:2)
  A catoblepas zombie (Geh:7)
  A guardian mummy (Tomb:2)
  A jumping spider (Spider:4)
  A fire dragon zombie (Tomb:2)
  An ettin zombie (Geh:7)
  10 flying skulls (Tomb:2)
  An ice dragon skeleton (Geh:7)
  3 fire bats
  2 deep elf magi
  A wraith (Geh:7)
  A human (Vaults:1)
  A deep elf fighter (Elf:3)
  A neqoxec (Abyss:1)
  A spatial vortex (Abyss:3)
  2 wargs (Vaults:5)
  2 hell hounds (Geh:5)
  An ettin simulacrum (Tomb:3)
  A wight (Geh:5)
  3 jellies
  A human zombie (Geh:6)
  An orc priest (Orc:4)
  3 mummies (Tomb:2)
  An orc (Orc:1)
  An orc zombie (Geh:1)
  169 eldritch tentacle segments
  27 fungi
  9 lost souls
  A lurking horror (Abyss:3)
  63 plants
  5 starspawn tentacles (Abyss:3)
  7 starspawn tentacle segments
  7 tentacles (Hell)
  134 tentacle segments (Hell)
477 creatures vanquished.

Grand Total: 5428 creatures vanquished

Notes
Turn   | Place    | Note
--------------------------------------------------------------
     0 | D:1      | Warspiderx the Minotaur Berserker began the quest for the Orb.
     0 | D:1      | Reached XP level 1. HP: 19/19 MP: 0/0
   217 | D:1      | Reached XP level 2. HP: 24/27 MP: 1/1
   224 | D:1      | Reached skill level 4 in Axes
   860 | D:1      | Reached ** piety under Trog
  1027 | D:2      | Found a sparkling altar of Nemelex Xobeh.
  1027 | D:2      | Found an opulent altar of Gozag.
  1078 | D:2      | Found a white marble altar of Elyvilon.
  1083 | D:2      | Reached XP level 3. HP: 33/33 MP: 2/2
  1250 | D:2      | Found a bloodstained altar of Trog.
  1398 | D:2      | You fall through a shaft for 2 floors!
  1420 | D:3      | Noticed an orc warrior
  1422 | D:3      | Reached XP level 4. HP: 41/41 MP: 3/3
  1431 | D:3      | Killed an orc warrior
  1431 | D:3      | Reached skill level 5 in Fighting
  1431 | D:3      | Reached XP level 5. HP: 45/48 MP: 4/4
  1613 | D:3      | Reached skill level 5 in Axes
  1992 | D:2      | Found a glowing golden altar of the Shining One.
  2003 | D:2      | Reached *** piety under Trog
  2256 | D:4      | Noticed a phantom
  2289 | D:4      | Killed a phantom
  2289 | D:4      | Reached skill level 6 in Fighting
  2289 | D:4      | Reached XP level 6. HP: 47/57 MP: 5/5
  2556 | D:4      | Reached skill level 5 in Armour
  2587 | D:4      | Reached XP level 7. HP: 39/64 MP: 6/6
  2809 | D:5      | Entered Level 5 of the Dungeon
  3142 | D:5      | Reached skill level 7 in Fighting
  3169 | D:5      | Reached XP level 8. HP: 65/73 MP: 7/7
  3277 | D:5      | Reached **** piety under Trog
  4058 | D:6      | Cast into level 1 of the Abyss (gnoll)
  4067 | Abyss:1  | Found a corrupted altar of Lugonu.
  4165 | Abyss:1  | Reached skill level 8 in Fighting
  4184 | Abyss:1  | Noticed a raiju
  4194 | D:6      | Escaped the Abyss
  4831 | D:7      | Found a shimmering altar of Xom.
  4831 | D:7      | Found a shimmering altar of Xom.
  4831 | D:7      | Found a shimmering altar of Xom.
  4832 | D:7      | Found a shimmering altar of Xom.
  4832 | D:7      | Found a shimmering altar of Xom.
  4889 | D:7      | Noticed benitares's ghost (novice VSMo)
  4934 | D:6      | Reached XP level 9. HP: 26/82 MP: 8/8
  5213 | D:6      | Reached skill level 9 in Fighting
  5456 | D:7      | Found a snail-covered altar of Cheibriados.
  5720 | D:7      | Noticed Joseph
  5731 | D:7      | Killed Joseph
  5731 | D:7      | Reached skill level 10 in Armour
  5788 | D:7      | Found a basalt altar of Yredelemnul.
  5966 | D:7      | Reached skill level 10 in Fighting
  6022 | D:7      | Found a staircase to the Ecumenical Temple.
  6104 | D:8      | Noticed a cyclops
  6135 | D:8      | Killed a cyclops
  6247 | D:7      | Killed benitares's ghost
  6247 | D:7      | Reached skill level 10 in Axes
  6247 | D:7      | Reached XP level 10. HP: 93/93 MP: 9/9
  7047 | D:8      | Reached skill level 11 in Armour
  7335 | D:8      | Gained mutation: You are occasionally teleported to nearby monsters. [mutagenic meat]
  7336 | D:8      | Gained mutation: Your spells are a little easier to cast, but a little less powerful. [mutagenic meat]
  7337 | D:8      | Gained mutation: You have large cloven feet. [mutagenic meat]
  7346 | D:8      | Gained mutation: You are partially covered in large bone plates (AC +2, SH +2). [mutagenic meat]
  7347 | D:8      | Gained mutation: Scrolls take you a little longer to read. [mutagenic meat]
  7517 | D:8      | Gained mutation: Your muscles are strong. (Str +2) [mutagenic meat]
  7518 | D:8      | Gained mutation: Armour fits poorly on your strangely shaped body. [mutagenic meat]
  7519 | D:8      | Lost mutation: Your muscles are strong. (Str +2) [mutagenic meat]
  7520 | D:8      | Lost mutation: Your spells are a little easier to cast, but a little less powerful. [mutagenic meat]
  8359 | D:9      | Noticed Maurice
  8366 | D:9      | Killed Maurice
  8398 | D:9      | Found a shattered altar of Ashenzari.
  8456 | D:9      | Found a radiant altar of Vehumet.
  8574 | D:9      | Killed an unseen horror
  8688 | D:9      | Found a radiant altar of Vehumet.
  8688 | D:9      | Noticed a purple ugly thing
  8694 | D:9      | Killed a purple ugly thing
  8694 | D:9      | Reached skill level 12 in Axes
  8883 | D:10     | Entered Level 10 of the Dungeon
  8995 | D:10     | Found a staircase to the Lair.
  9011 | D:10     | Reached XP level 11. HP: 73/102 MP: 10/10
  9067 | D:10     | Noticed a hill giant
  9078 | D:10     | Killed a hill giant
  9312 | D:10     | Killed an unseen horror
  9930 | Lair:1   | Entered Level 1 of the Lair of Beasts
  9983 | Lair:1   | Reached skill level 13 in Axes
 11295 | Lair:2   | Reached skill level 14 in Axes
 11380 | Lair:2   | Reached XP level 12. HP: 112/112 MP: 11/11
 11456 | Lair:2   | Noticed an eight-headed hydra
 11472 | Lair:2   | Killed a ten-headed hydra
 11792 | Lair:3   | Reached ***** piety under Trog
 11823 | Lair:3   | Noticed Harold
 11833 | Lair:3   | Killed Harold
 11899 | Lair:3   | Reached skill level 15 in Axes
 12099 | Lair:3   | Noticed an eight-headed hydra
 12105 | Lair:3   | Killed a nine-headed hydra
 12105 | Lair:3   | Reached skill level 5 in Dodging
 12523 | Lair:4   | Found a hole to the Spider Nest.
 12611 | Lair:4   | Noticed Urug
 12622 | Lair:4   | Killed Urug
 12719 | Lair:4   | Found a staircase to the Shoals.
 12782 | Lair:4   | Noticed Rupert
 12968 | Lair:4   | Killed Rupert
 12968 | Lair:4   | Reached skill level 16 in Axes
 13056 | Lair:4   | Reached XP level 13. HP: 114/122 MP: 12/12
 13284 | Lair:4   | Received a gift from Trog
 14300 | Lair:5   | Received a gift from Trog
 15104 | Lair:6   | Reached skill level 17 in Axes
 15339 | Lair:6   | Reached skill level 15 in Armour
 15400 | Lair:6   | Got a tiger eye-encrusted scale mail
 15411 | Lair:6   | Identified the +4 scale mail of the Desert {rPois Str+3} (You found it on level 6 of the Lair of Beasts)
 15499 | Lair:6   | Got a twitching amber ring
 15501 | Lair:6   | Identified the ring of Xom's Sleight of Hands {+Fly rC+ Stlth+} (You found it on level 6 of the Lair of Beasts)
 15736 | Lair:6   | Noticed Josephine
 15746 | Lair:6   | Killed Josephine
 15750 | Lair:6   | Lost mutation: Armour fits poorly on your strangely shaped body. [potion of cure mutation]
 15750 | Lair:6   | Lost mutation: Scrolls take you a little longer to read. [potion of cure mutation]
 15750 | Lair:6   | Lost mutation: You have large cloven feet. [potion of cure mutation]
 15750 | Lair:6   | Lost mutation: You are partially covered in large bone plates (AC +2, SH +2). [potion of cure mutation]
 15750 | Lair:6   | Lost mutation: You are occasionally teleported to nearby monsters. [potion of cure mutation]
 16117 | Lair:7   | Reached skill level 18 in Axes
 16143 | Lair:7   | Noticed Maud
 16154 | Lair:7   | Killed Maud
 16423 | Lair:7   | Reached XP level 14. HP: 111/133 MP: 13/13
 16713 | Lair:7   | Received a gift from Trog
 16736 | Lair:7   | Found a runed door.
 16736 | Lair:7   | Found a viscous altar of Jiyva.
 16736 | Lair:7   | Found a staircase to the Slime Pits.
 16736 | Lair:7   | Noticed an azure jelly
 16736 | Lair:7   | Noticed an azure jelly
 16736 | Lair:7   | Noticed an azure jelly
 16747 | Lair:7   | Killed an azure jelly
 16752 | Lair:7   | Killed an azure jelly
 16762 | Lair:7   | Killed an azure jelly
 16885 | Lair:8   | Entered Level 8 of the Lair of Beasts
 17051 | Lair:8   | Reached skill level 19 in Axes
 17109 | Lair:8   | Reached skill level 15 in Fighting
 17246 | Lair:8   | Received a gift from Trog
 17824 | Lair:8   | Reached ****** piety under Trog
 18758 | D:12     | Found a staircase to the Orcish Mines.
 19362 | Orc:1    | Entered Level 1 of the Orcish Mines
 19392 | Orc:1    | Noticed Fannar
 19401 | Orc:1    | Killed Fannar
 19433 | Orc:1    | Received a gift from Trog
 19467 | Orc:1    | Noticed Snorg
 19477 | Orc:1    | Killed Snorg
 19870 | Orc:1    | Noticed Erica
 19874 | Orc:1    | Killed Erica
 19879 | Orc:1    | Found Buxyaky's Gadget Emporium.
 20049 | Orc:2    | Found Wecorelu's Distillery.
 20058 | Orc:2    | Bought a potion of mutation for 37 gold pieces
 20058 | Orc:2    | Gained mutation: You are surrounded by a mild repulsion field (EV +2). [potion of mutation]
 20058 | Orc:2    | Gained mutation: Your flesh is heat resistant. [potion of mutation]
 20058 | Orc:2    | Gained mutation: You are robust (+10% HP). [potion of mutation]
 20130 | Orc:2    | Found a roughly hewn altar of Beogh.
 20450 | Orc:3    | Found a roughly hewn altar of Beogh.
 20549 | Orc:3    | Noticed Donald
 20567 | Orc:3    | Reached XP level 15. HP: 157/157 MP: 14/14
 20578 | Orc:3    | Killed Donald
 20579 | Orc:3    | Received a gift from Trog
 20606 | Orc:3    | Reached skill level 20 in Axes
 21255 | Orc:4    | Entered Level 4 of the Orcish Mines
 21407 | Orc:4    | Found a roughly hewn altar of Beogh.
 21491 | Orc:4    | Found a staircase to the Elven Halls.
 21526 | Orc:4    | Found a roughly hewn altar of Beogh.
 21547 | Orc:4    | Found a roughly hewn altar of Beogh.
 21581 | Orc:4    | Received a gift from Trog
 21816 | Orc:4    | Found a roughly hewn altar of Beogh.
 21816 | Orc:4    | Found Ovefawe's Antique Weapon Boutique.
 21870 | Orc:4    | Found a roughly hewn altar of Beogh.
 21956 | Orc:4    | Found Kotogem's Antique Weapon Shoppe.
 21958 | Orc:4    | Found a roughly hewn altar of Beogh.
 21967 | Orc:4    | Found Apri Kim's Antique Armour Emporium.
 22019 | Orc:4    | Found a roughly hewn altar of Beogh.
 22020 | Orc:4    | Found Isegiuq's Weapon Emporium.
 22027 | Orc:4    | Received a gift from Trog
 22036 | Orc:4    | Got a slimy battleaxe {god gift}
 22037 | Orc:4    | Identified the +4 battleaxe of Altruism {chop, rPois Str+2} (Trog gifted it to you on level 4 of the Orcish Mines)
 22459 | Shoals:1 | Entered Level 1 of the Shoals
 23493 | Shoals:2 | Got a translucent trident
 23808 | Shoals:2 | Noticed Polyphemus
 23831 | Shoals:2 | Killed Polyphemus
 23891 | Shoals:2 | Received a gift from Trog
 24430 | Shoals:3 | Reached XP level 16. HP: 172/172 MP: 15/15
 24612 | Shoals:3 | Noticed Nikola
 24653 | Shoals:3 | Killed Nikola
 25232 | Shoals:3 | Identified the +4 trident "Tymis" {speed, Str+4} (You found it on level 2 of the Shoals)
 25310 | Shoals:4 | Entered Level 4 of the Shoals
 25334 | Shoals:4 | Received a gift from Trog
 25371 | Shoals:4 | Got a barnacled rune of Zot
 25386 | Shoals:4 | Noticed Ilsuiw
 25396 | Shoals:4 | Killed Ilsuiw
 25412 | Shoals:4 | Received a gift from Trog
 25492 | Shoals:4 | Found Oquoj's Assorted Antiques.
 25731 | Shoals:4 | Got an aquamarine-encrusted ice dragon armour
 25742 | Shoals:4 | Identified the +8 ice dragon armour "Ymeuff" {rF- rC++ Dex+3} (You found it on level 4 of the Shoals)
 26586 | D:13     | Found Gadwooc's Magic Scroll Emporium.
 26609 | D:13     | Bought a scroll of enchant weapon for 105 gold pieces
 26609 | D:13     | Bought a scroll of enchant weapon for 105 gold pieces
 26856 | D:13     | Received a gift from Trog
 26872 | D:13     | Noticed Nessos
 26891 | D:13     | Killed Nessos
 27322 | D:14     | Found a sacrificial altar of Ru.
 27371 | D:14     | Found a gate to the Vaults.
 27380 | D:14     | Reached XP level 17. HP: 187/187 MP: 16/16
 27679 | D:14     | Found Inyrphag's Food Boutique.
 27786 | D:14     | Found Eschud's Assorted Antiques.
 28360 | D:15     | Entered Level 15 of the Dungeon
 28559 | D:15     | Received a gift from Trog
 28728 | D:15     | Found a staircase to the Depths.
 29574 | Spider:1 | Entered Level 1 of the Spider Nest
 29885 | Spider:1 | Reached skill level 21 in Fighting
 30630 | Spider:2 | Reached skill level 10 in Dodging
 30861 | Spider:2 | Received a gift from Trog
 30868 | Spider:2 | Got a translucent glaive {god gift}
 30869 | Spider:2 | Identified the +10 glaive "Dixemeru" {drain, *Drain +Blink rC++ rN+} (Trog gifted it to you on level 2 of the Spider Nest)
 31328 | Spider:2 | Received a gift from Trog
 31888 | Spider:4 | Entered Level 4 of the Spider Nest
 31893 | Spider:4 | Reached XP level 18. HP: 202/202 MP: 17/17
 31950 | Spider:4 | Received a gift from Trog
 32013 | Spider:4 | Reached skill level 22 in Fighting
 32126 | Spider:4 | Noticed Arachne
 32133 | Spider:4 | Killed Arachne
 32145 | Spider:4 | Noticed Proton's ghost (adept FoFi)
 32161 | Spider:4 | Killed Proton's ghost
 32172 | Spider:4 | Received a gift from Trog
 32911 | Spider:4 | Got a gossamer rune of Zot
 33460 | Slime:1  | Entered Level 1 of the Pits of Slime
 33620 | Slime:1  | Received a gift from Trog
 33620 | Slime:1  | Reached skill level 23 in Fighting
 34322 | Slime:2  | Gained mutation: Armour fits poorly on your strangely shaped body. [a shining eye]
 34661 | Slime:3  | Reached XP level 19. HP: 189/214 MP: 12/18
 34680 | Slime:4  | Received a gift from Trog
 35209 | Slime:3  | Reached skill level 24 in Fighting
 35700 | Slime:4  | Received a gift from Trog
 35730 | Slime:4  | Gained mutation: Scrolls take you a little longer to read. [a shining eye]
 36620 | Slime:6  | Entered Level 6 of the Pits of Slime
 36756 | Slime:6  | Gained mutation: Your spells are a little easier to cast, but a little less powerful. [a shining eye]
 36761 | Slime:6  | Received a gift from Trog
 36829 | Slime:6  | Gained mutation: You regenerate slowly when monsters are visible. [a shining eye]
 36831 | Slime:6  | Noticed the royal jelly
 36840 | Slime:6  | Gained mutation: You are dopey. (Int -2) [a shining eye]
 36849 | Slime:6  | Gained mutation: Your magical capacity is low (-10% MP). [a shining eye]
 37167 | Slime:6  | Lost mutation: You are robust (+10% HP). [a shining eye]
 37198 | Slime:6  | Found a viscous altar of Jiyva.
 37240 | Slime:6  | Killed the royal jelly
 37240 | Slime:6  | Reached skill level 25 in Fighting
 37356 | Slime:6  | Reached XP level 20. HP: 202/209 MP: 17/17
 38981 | Vaults:1 | Entered Level 1 of the Vaults
 38993 | Vaults:1 | Lost mutation: You are dopey. (Int -2) [potion of cure mutation]
 38993 | Vaults:1 | Lost mutation: Scrolls take you a little longer to read. [potion of cure mutation]
 38993 | Vaults:1 | Lost mutation: Your spells are a little easier to cast, but a little less powerful. [potion of cure mutation]
 38994 | Vaults:1 | Lost mutation: Your magical capacity is low (-10% MP). [potion of cure mutation]
 38994 | Vaults:1 | Lost mutation: Armour fits poorly on your strangely shaped body. [potion of cure mutation]
 38994 | Vaults:1 | Lost mutation: You regenerate slowly when monsters are visible. [potion of cure mutation]
 38994 | Vaults:1 | Lost mutation: Your flesh is heat resistant. [potion of cure mutation]
 39113 | Vaults:1 | Noticed Jorgrun
 39119 | Vaults:1 | Killed Jorgrun
 39119 | Vaults:1 | Reached skill level 15 in Dodging
 39335 | Vaults:1 | Received a gift from Trog
 39490 | Vaults:1 | Found Naimaf's Magic Scroll Shop.
 39559 | Vaults:1 | Noticed Louise
 39576 | Vaults:1 | Killed Louise
 39764 | Vaults:1 | Reached skill level 26 in Fighting
 39781 | Vaults:1 | Received a gift from Trog
 39812 | Vaults:1 | Noticed Erolcha
 39819 | Vaults:1 | Noticed Margery
 39833 | Vaults:1 | Killed Margery
 39898 | Vaults:1 | Killed Erolcha
 39898 | Vaults:1 | Received a gift from Trog
 39902 | Vaults:1 | Got a pitted executioner's axe {god gift}
 39903 | Vaults:1 | Identified the +10 executioner's axe of Evisceration {chop, *Drain rC+ Int+8} (Trog gifted it to you on level 1 of the Vaults)
 40668 | Vaults:2 | Found a staircase to the Crypt.
 40680 | Crypt:1  | Entered Level 1 of the Crypt
 41617 | Crypt:2  | Reached XP level 21. HP: 220/220 MP: 20/20
 41781 | Crypt:2  | Noticed twist's ghost (master HaEn)
 41805 | Crypt:2  | Killed twist's ghost
 42082 | Crypt:2  | Reached skill level 27 in Fighting
 42340 | Crypt:3  | Entered Level 3 of the Crypt
 42837 | Crypt:3  | Noticed an ancient lich
 42839 | Crypt:3  | Noticed an ancient lich
 42849 | Crypt:3  | Killed an ancient lich
 42850 | Crypt:3  | Killed an ancient lich
 42988 | Crypt:3  | Identified the Incunabulum of Augmentations and the Snowflakes
 43032 | Crypt:3  | Received a gift from Trog
 43393 | Crypt:3  | Found an ancient bone altar of Kikubaaqudgha.
 45442 | Crypt:3  | Found a staircase to the Tomb.
 45627 | Crypt:3  | Reached XP level 22. HP: 212/231 MP: 21/21
 46026 | Tomb:1   | Entered Level 1 of the Tomb of the Ancients
 46161 | Tomb:1   | Noticed a greater mummy
 46174 | Tomb:1   | Killed a greater mummy
 46174 | Tomb:1   | Lost intelligence.
 46922 | Tomb:1   | Noticed a greater mummy
 46936 | Tomb:1   | Killed a greater mummy
 47566 | Tomb:1   | Noticed a greater mummy
 47573 | Tomb:1   | Killed a greater mummy
 49047 | Tomb:2   | Noticed Mara
 49050 | Tomb:2   | Noticed a greater mummy
 49050 | Tomb:2   | Noticed a greater mummy
 49050 | Tomb:2   | Noticed a greater mummy
 49050 | Tomb:2   | Noticed a greater mummy
 49050 | Tomb:2   | Noticed Warspiderx's illusion
 49785 | Vaults:2 | Gained mutation: You have sharp fingernails. [mutagenic meat]
 49786 | Vaults:2 | Gained mutation: You tend to lose your temper in combat. [mutagenic meat]
 49787 | Vaults:2 | Gained mutation: You are weak. (Str -2) [mutagenic meat]
 49788 | Vaults:2 | Gained mutation: Your system is resistant to poisons. [mutagenic meat]
 49789 | Vaults:2 | Gained mutation: You can breathe flames. [mutagenic meat]
 49790 | Vaults:2 | Gained mutation: Your mind is acute. (Int +2) [mutagenic meat]
 49791 | Vaults:2 | Gained mutation: Your flesh is heat resistant. [mutagenic meat]
 49792 | Vaults:2 | Gained mutation: You often lose your temper in combat. [potion of mutation]
 49794 | Vaults:2 | Gained mutation: You are clumsy. (Dex -2) [potion of mutation]
 49794 | Vaults:2 | Lost mutation: Your flesh is heat resistant. [potion of mutation]
 49794 | Vaults:2 | Gained mutation: You expend magic power (3 MP) to strengthen your wands. [potion of mutation]
 49795 | Vaults:2 | Lost mutation: You are surrounded by a mild repulsion field (EV +2). [potion of mutation]
 49795 | Vaults:2 | Gained mutation: You are somewhat resistant to further mutation. [potion of mutation]
 49799 | Vaults:2 | Lost mutation: You are somewhat resistant to further mutation. [potion of cure mutation]
 49799 | Vaults:2 | Lost mutation: You often lose your temper in combat. [potion of cure mutation]
 49799 | Vaults:2 | Lost mutation: You are clumsy. (Dex -2) [potion of cure mutation]
 49799 | Vaults:2 | Lost mutation: You can breathe flames. [potion of cure mutation]
 49799 | Vaults:2 | Lost mutation: You tend to lose your temper in combat. [potion of cure mutation]
 50458 | Vaults:3 | Received a gift from Trog
 50906 | Tomb:1   | Killed a greater mummy
 51182 | Tomb:1   | Killed a greater mummy
 51352 | Tomb:2   | Noticed Warspiderx's illusion
 51560 | Tomb:1   | Killed a greater mummy
 51655 | Tomb:1   | Noticed Warspiderx's illusion
 51662 | Tomb:1   | Killed Mara
 51662 | Tomb:1   | Reached XP level 23. HP: 150/227 MP: 22/22
 51822 | Tomb:2   | Killed a greater mummy
 52255 | Tomb:2   | Got a crude cloak
 52266 | Tomb:2   | Identified the cursed +0 cloak of Hohud {Int+6 Dex-2} (You found it on level 2 of the Tomb of the Ancients)
 53143 | Vaults:3 | Received a gift from Trog
 54496 | Vaults:4 | Received a gift from Trog
 54978 | Vaults:5 | Entered Level 5 of the Vaults
 55043 | Vaults:5 | Received a gift from Trog
 55131 | Vaults:5 | Reached XP level 24. HP: 232/235 MP: 22/22
 55310 | Vaults:5 | Got a smoking flail
 55311 | Vaults:5 | Identified the +1 flail "Fap Egae" {drain, Dex+5 Stlth-} (You found it on level 5 of the Vaults)
 55377 | Vaults:5 | Got a smoking garnet amulet
 55380 | Vaults:5 | Identified the amulet of Qoen {Ward rN+ Dex+4 Stlth+} (You found it on level 5 of the Vaults)
 55532 | Vaults:5 | Got a flickering ivory ring
 55562 | Vaults:5 | Identified the ring of Generosity {Fire rN+ SInv} (You took it off a deep elf sorcerer on level 5 of the Vaults)
 55568 | Vaults:5 | Got a warped copper amulet
 55570 | Vaults:5 | Identified the amulet of Doitietu {Stasis rN++ Str+2 Dex-2} (You took it off a deep elf demonologist on level 5 of the Vaults)
 55654 | Vaults:5 | Received a gift from Trog
 55706 | Vaults:5 | Got a vibrating glass ring
 55708 | Vaults:5 | Identified the ring "Rocios" {rC+ MR+} (You took it off a yaktaur on level 5 of the Vaults)
 56555 | Vaults:5 | Gained mutation: Your spells are a little easier to cast, but a little less powerful. [mutagenic meat]
 56556 | Vaults:5 | Gained mutation: Armour fits poorly on your strangely shaped body. [mutagenic meat]
 56557 | Vaults:5 | Lost mutation: Your mind is acute. (Int +2) [mutagenic meat]
 56558 | Vaults:5 | Gained mutation: You are partially covered in slimy green scales (AC +2). [mutagenic meat]
 56559 | Vaults:5 | Gained mutation: You have a pair of large horns on your head. [mutagenic meat]
 56562 | Vaults:5 | Lost mutation: Armour fits poorly on your strangely shaped body. [potion of cure mutation]
 56562 | Vaults:5 | Lost mutation: You are weak. (Str -2) [potion of cure mutation]
 56562 | Vaults:5 | Lost mutation: Your spells are a little easier to cast, but a little less powerful. [potion of cure mutation]
 56562 | Vaults:5 | Lost mutation: You have a pair of large horns on your head. [potion of cure mutation]
 56920 | Vaults:5 | Got a crude hand axe
 56921 | Vaults:5 | Identified the cursed +0 hand axe of Diabbi {flame, *Drain MP+9 Str+5} (You found it on level 5 of the Vaults)
 56924 | Vaults:5 | Got a silver rune of Zot
 57291 | Depths:1 | Entered Level 1 of the Depths
 57808 | Depths:1 | Found a gateway to a ziggurat.
 57840 | Depths:1 | Received a gift from Trog
 58278 | Depths:1 | Found a one-way gate leading to the halls of Pandemonium.
 58518 | Depths:1 | Found a gateway to Hell.
 58523 | Depths:1 | Reached XP level 25. HP: 257/257 MP: 22/22
 58864 | Depths:2 | Received a gift from Trog
 60003 | Depths:2 | Found a runed door.
 60015 | Depths:2 | Found a runed door.
 60329 | Depths:3 | Found a gateway to a bazaar.
 60392 | Bazaar   | Entered a bazaar
 60392 | Bazaar   | Found Nuekhleoj's General Store.
 60392 | Bazaar   | Found Ukolai Core's General Store.
 60425 | Bazaar   | Found Mawoov's General Store.
 60425 | Bazaar   | Found Zohook's General Store.
 60447 | Bazaar   | Found Vuhip's General Store.
 60447 | Bazaar   | Found Alahogg's General Store.
 60469 | Bazaar   | Found Koig's General Store.
 60469 | Bazaar   | Found Resumpim's General Store.
 60528 | Bazaar   | Gained mutation: Your magical capacity is low (-10% MP). [mutagenic glow]
 60538 | Bazaar   | Bought 3 scrolls of enchant weapon for 360 gold pieces
 60623 | Depths:3 | Received a gift from Trog
 60639 | Depths:3 | Gained mutation: Your flesh is heat resistant. [mutagenic glow]
 60663 | Depths:3 | Lost mutation: Your magical capacity is low (-10% MP). [mutagenic glow]
 60676 | Depths:3 | Found a corrupted altar of Lugonu.
 60718 | Depths:3 | Gained mutation: You are weak. (Str -2) [mutagenic glow]
 61415 | Depths:3 | Found a one-way gate to the infinite horrors of the Abyss.
 61423 | Depths:3 | Voluntarily entered the Abyss.
 61523 | Abyss:1  | Lost intelligence.
 61580 | Abyss:1  | Lost mutation: Your system is resistant to poisons. [a neqoxec]
 61837 | Abyss:3  | Received a gift from Trog
 62003 | Abyss:3  | Paralysed by accursed screaming for 1 turns
 62084 | Abyss:3  | Gained mutation: You have large cloven feet. [a neqoxec]
 62086 | Abyss:3  | Lost intelligence.
 62090 | Abyss:3  | Gained mutation: You are very frail (-20% HP). [a neqoxec]
 62131 | Abyss:3  | Reached skill level 27 in Axes
 62197 | Abyss:3  | Lost mutation: You are frail (-10% HP). [potion of mutation]
 62197 | Abyss:3  | Gained mutation: You evolve. [potion of mutation]
 62407 | Abyss:3  | Got an abyssal rune of Zot
 62520 | Abyss:3  | Gained mutation: You are very weak. (Str -4) [evolution]
 62684 | Abyss:3  | Reached XP level 26. HP: 247/266 MP: 22/22
 62697 | Abyss:3  | Found a burning altar of Makhleb.
 62732 | Depths:3 | Escaped the Abyss
 63158 | Depths:4 | Identified Quhaitos's Almanac of Conjuration and Malediction
 63161 | Depths:4 | Received a gift from Trog
 63730 | Depths:5 | Entered Level 5 of the Depths
 63787 | Depths:5 | Found a sparkling altar of Nemelex Xobeh.
 63963 | Depths:5 | Found a gate to the Realm of Zot.
 63984 | Depths:5 | Found a shattered altar of Ashenzari.
 64062 | Depths:5 | Found a white marble altar of Elyvilon.
 64069 | Depths:5 | Received a gift from Trog
 64193 | Depths:5 | Identified a scroll of acquirement
 64239 | Depths:5 | Found a glowing golden altar of the Shining One.
 64415 | Depths:5 | Noticed Frederick
 64429 | Depths:5 | Killed Frederick
 64531 | Depths:5 | Got a smelly ring mail
 64542 | Depths:5 | Identified the cursed +1 ring mail "Babapum" {rC+ MR+ Dex+3 Slay+3} (You found it on level 5 of the Depths)
 65488 | Elf:1    | Entered Level 1 of the Elven Halls
 65661 | Elf:1    | Received a gift from Trog
 65681 | Elf:1    | Noticed Asterion
 65695 | Elf:1    | Killed Asterion
 66505 | Elf:2    | Reached skill level 27 in Dodging
 66632 | Elf:2    | Received a gift from Trog
 66664 | Elf:2    | Found an ancient bone altar of Kikubaaqudgha.
 66698 | Elf:2    | Found Nahar's Book Boutique.
 66767 | Elf:2    | Found Wiv Ovub's Jewellery Emporium.
 66836 | Elf:2    | Found a runed gate.
 66836 | Elf:2    | Found a runed gate.
 66837 | Elf:2    | Found a runed gate.
 66884 | Elf:2    | Found Patad's Weapon Shoppe.
 67140 | Elf:2    | Reached XP level 27. HP: 273/273 MP: 22/22
 67507 | Elf:3    | Entered Level 3 of the Elven Halls
 67531 | Elf:3    | Received a gift from Trog
 67609 | Elf:3    | Gained mutation: Your magical capacity is low (-10% MP). [mutagenic meat]
 67610 | Elf:3    | Gained mutation: You are partially covered in rough black scales (AC +4, Dex -1). [mutagenic meat]
 67611 | Elf:3    | Gained mutation: You are frail (-10% HP). [mutagenic meat]
 67621 | Elf:3    | Received a gift from Trog
 67637 | Elf:3    | Lost mutation: You are partially covered in slimy green scales (AC +2). [mutagenic meat]
 68046 | Elf:3    | Identified Napsaoc's Volume of Conjuration
 68141 | Elf:3    | Got a crude tin ring
 68162 | Elf:3    | Got a steaming mottled dragon armour
 68173 | Elf:3    | Identified the +5 mottled dragon armour of Kupro {Stlth+} (You found it on level 3 of the Elven Halls)
 68215 | Elf:3    | Got a fine pewter ring
 68221 | Elf:3    | Identified the ring of Ethics {+/*Tele rF+} (You found it on level 3 of the Elven Halls)
 68223 | Elf:3    | Identified the ring "Ahuwou Zuni" {+Fly rElec MP+9 Dex+8 Stlth-} (You found it on level 3 of the Elven Halls)
 69002 | Depths:1 | Gained mutation: You have a pair of large horns on your head. [evolution]
 69171 | Hell     | Entered the Vestibule of Hell
 69196 | Hell     | Received a gift from Trog
 69199 | Hell     | Noticed Geryon
 69249 | Hell     | Killed Geryon
 69337 | Hell     | Found a gateway to the freezing wastes of Cocytus.
 69467 | Hell     | Found a gateway to the Iron City of Dis.
 69483 | Dis:1    | Entered Level 1 of the Iron City of Dis
 69670 | Dis:1    | Received a gift from Trog
 69732 | Dis:1    | Reached skill level 27 in Armour
 69775 | Dis:1    | Reached skill level 1 in Evocations
 69781 | Dis:1    | Reached skill level 1 in Throwing
 70146 | Dis:1    | Reached skill level 1 in Stealth
 70571 | Dis:2    | Reached skill level 5 in Stealth
 70996 | Dis:2    | Received a gift from Trog
 71720 | Dis:3    | Reached skill level 10 in Stealth
 72699 | Dis:4    | Received a gift from Trog
 74018 | Dis:6    | Reached skill level 15 in Stealth
 74202 | Dis:6    | Received a gift from Trog
 74332 | Dis:7    | Entered Level 7 of the Iron City of Dis
 74789 | Dis:7    | Received a gift from Trog
 74797 | Dis:7    | Got a dazzling battleaxe {god gift}
 74798 | Dis:7    | Identified the +8 battleaxe of Dim Light {elec, +Fly rF++ Str-4 Stlth+} (Trog gifted it to you on level 7 of the Iron City of Dis)
 75607 | Dis:7    | Got a faintly glowing steel ring
 75609 | Dis:7    | Identified the ring "Ruegus" {MR+ Dex+3} (You found it on level 7 of the Iron City of Dis)
 75862 | Dis:7    | Got a smelly plate armour
 75873 | Dis:7    | Identified the cursed +1 plate armour of Quresuib {*Drain +Inv Str+2 Dex+8} (You found it on level 7 of the Iron City of Dis)
 76222 | Dis:7    | Received a gift from Trog
 76360 | Dis:7    | Noticed Dispater
 76374 | Dis:7    | Killed Dispater
 76444 | Dis:7    | Got an iron rune of Zot
 76449 | Dis:7    | Got a pitted scale mail
 76460 | Dis:7    | Identified the +3 scale mail "Fidiet" {-Cast Slay+2 SInv Stlth+} (You found it on level 7 of the Iron City of Dis)
 77101 | Hell     | Received a gift from Trog
 77152 | Hell     | Found a gateway to the decaying netherworld of Tartarus.
 77368 | Hell     | Found a gateway to the ashen valley of Gehenna.
 78263 | Tomb:2   | Gained mutation: You possess an exceptional clarity of mind. [potion of mutation]
 81626 | Vaults:1 | Bought a scroll of brand weapon for 340 gold pieces
 81626 | Vaults:1 | Bought a scroll of enchant armour for 127 gold pieces
 81626 | Vaults:1 | Bought a scroll of enchant armour for 127 gold pieces
 83207 | Slime:6  | Got a slimy rune of Zot
 83347 | Slime:6  | Got a scintillating silver amulet
 83348 | Slime:6  | Identified the amulet of Poget {Stasis rC+ MR+} (You found it on level 6 of the Pits of Slime)
 84530 | Tomb:1   | Received a gift from Trog
 85161 | Tomb:1   | Reached skill level 1 in Polearms
 86066 | Tomb:1   | Reached skill level 5 in Polearms
 86756 | Tomb:3   | Entered Level 3 of the Tomb of the Ancients
 86788 | Tomb:3   | Noticed an ancient lich
 87030 | Tomb:2   | Killed an ancient lich
 87030 | Tomb:2   | Reached skill level 10 in Polearms
 89778 | Tomb:3   | Got a translucent great sword
 89779 | Tomb:3   | Identified the +7 great sword of the Shore {flame, +Rage Stlth+} (You found it on level 3 of the Tomb of the Ancients)
 89782 | Tomb:3   | Got a slimy quarterstaff
 89830 | Tomb:3   | Got a brightly glowing silver ring
 89832 | Tomb:3   | Identified the ring "Delegg" {Wiz Dex+6} (You found it on level 3 of the Tomb of the Ancients)
 89856 | Tomb:3   | Got a warped war axe
 89857 | Tomb:3   | Identified the +4 war axe of Ylore {chop, MR++} (You found it on level 3 of the Tomb of the Ancients)
 89866 | Tomb:3   | Got a scorched war axe
 89867 | Tomb:3   | Identified the cursed +1 war axe "Sarcophage" {venom, +Rage rF+ Dex+4 Stlth+} (You found it on level 3 of the Tomb of the Ancients)
 90139 | Tomb:3   | Got a golden rune of Zot
 90834 | D:13     | Gained mutation: You are partially covered in icy blue scales (AC +1). [evolution]
 91233 | Depths:1 | Reached skill level 15 in Polearms
 91391 | Geh:1    | Entered Level 1 of Gehenna
 92275 | Geh:1    | Lost intelligence.
 92704 | Geh:2    | Received a gift from Trog
 93591 | Geh:3    | Reached skill level 5 in Evocations
 94050 | Geh:3    | Received a gift from Trog
 94762 | Geh:4    | Received a gift from Trog
 95747 | Geh:5    | Received a gift from Trog
 96192 | Geh:5    | Received a gift from Trog
 96916 | Geh:6    | Received a gift from Trog
 97160 | Geh:6    | HP: 9/230 [Brimstone Fiend/blast of hellfire[the effects of Hell] (43)]
 97165 | Geh:6    | Reached skill level 5 in Throwing
 97828 | Geh:6    | Gained mutation: You have hoof-like feet. [evolution]
 98655 | Geh:6    | Reached skill level 10 in Evocations
 99280 | Geh:7    | Entered Level 7 of Gehenna
 99370 | Geh:7    | Received a gift from Trog
 99472 | Geh:7    | Reached skill level 10 in Throwing
 99681 | Geh:7    | Killed by the effects of Hell

Vault maps used:
D:1:      mrwooster_arrival_statue, serial_curves, eino_curves_03,
          eino_curves_02
D:2:      overflow_temple_1_default, nicolae_overflow_hidden_temple,
          grunt_temple_overflow_opulence, nicolae_tso_carved_into_rock
D:4:      gup_sewer_entry_bowl, first_bread
D:5:      grunt_tough_drop
D:7:      overflow_temple_1_default, minmay_temple_entry_poolview, basic_altar,
          xom_shifter_show, uniq_joseph
D:8:      hangedman_little_slice_of_home
D:9:      overflow_temple_1_default, ashenzari_conservatory_becter,
          minmay_misc_feat_roman, vehumet_altar_wand_db, uniq_maurice
D:10:     minmay_lair_entry_lava
D:12:     minmay_orc_entry_guard_dogs
D:13:     serial_shops, nicolae_shop_crystal, uniq_nessos
D:14:     lightli_vaults_fourway_checkpoint, serial_shops, kennysheep_mini,
          shop, nicolae_ru_awakened_eye
D:15:     hangedman_depths_entry_civil_slaughter, roderic_greek_sauvastika
Lair:1:   serial_bayou_pond_c
Lair:2:   lemuel_slime, serial_bayou_ford_a, beast_lair_carwin_2
Lair:3:   statuecave_lemuel, columned_hall_lemuel, uniq_harold
Lair:4:   elwin_shoals_entry_stream, spider_nest_entry_web_field,
          zaba_antful_of_joy, uniq_rupert, uniq_urug
Lair:6:   uniq_josephine
Lair:7:   slime_altar_2, cheibrodos_lair_caveside_slide, grunt_megastairs_3,
          infiniplex_staircase_pool, uniq_maud
Lair:8:   minmay_lair_end_frog_pond
Shoals:2: nicolae_shoals_square_sea_wall, abandoned_shop, uniq_polyphemus
Shoals:3: uniq_nikola
Shoals:4: shoals_end_simple, shoal_ilsuiw, serial_shops, nicolae_shop_trees
Spider:2: nicolae_spider_mines_1, worms_lemuel
Spider:3: spiders_nest_ghost_moth_duel
Spider:4: johnstein_spider_rune_arachne_lair, hangedman_stitches_earthworm
Slime:1:  cheibrodos_slime_lost_civilization_7
Slime:3:  special_room
Orc:1:    serial_shops, shop, uniq_snorg, uniq_erica, uniq_fannar
Orc:2:    basic_altar, serial_shops, shop
Orc:3:    basic_altar, nicolae_orc_pool_cavern, elves_outpost_lemuel,
          uniq_donald
Orc:4:    grunt_orc_community_town_hall, grunt_orc_community_big_house_1,
          grunt_orc_community_big_house_1, grunt_orc_community_house_1,
          grunt_orc_community_house_3, grunt_orc_community_house_2,
          grunt_orc_community_house_2, grunt_orc_community_house_3,
          grunt_orc_community_house_1, basic_altar
Elf:1:    eino_elf_arrival_shootout, hangedman_elf_disciples, eino_tiny_chamber,
          uniq_asterion
Elf:2:    serial_shops, nicolae_shop_crystal, nicolae_shop_trees, shop,
          lemuel_statue_altar
Elf:3:    grunt_elf_hall_branching, minivault_16
Vaults:1: st_cells, metal_show, v_misc_3, v_misc_9, v_misc_9,
          nicolae_vaults_gold_heap, vaults_standard_mumra_x, serial_shops,
          nicolae_shop_temple_entry_statues_fountains, uniq_jorgrun
Vaults:2: hangedman_vaults_capsules, grunt_vaults_funnel,
          vaults_standard_mumra_lines, nicolae_vaults_little_squares_3,
          v_misc_30, grunt_vaults_hallway_long, ontoclasm_vaults_gallery,
          v_misc_26, hangedman_vaults_maws, nicolae_vaults_rhombus_7,
          vaults_dpeg_hooks, v_misc_16, dummy_crypt_entry
Vaults:3: nicolae_vaults_windows_and_doors_thing, ontoclasm_vaults_eye,
          ontoclasm_vaults_shuriken, v_rooms_1, nicolae_vaults_little_squares_3,
          vaults_mumra_chevron_long, hangedman_vaults_stream,
          grunt_vaults_hallway_short, nicolae_vaults_little_ls,
          grunt_vaults_hallway_long, v_misc_5, nicolae_vaults_what_the_h,
          mu_enter_wizlab_5
Vaults:4: nicolae_vaults_little_squares_2, hangedman_vaults_locks,
          ontoclasm_vaults_ring_square, ontoclasm_vaults_idyll, v_misc_11,
          nicolae_vaults_little_squares_6, vaults_room_door_hall, v_misc_23
Vaults:5: serial_shops
Crypt:1:  grunt_crypt_arrival_split
Crypt:2:  basic_loot_grate_trap
Crypt:3:  evilmike_haunted_forest
Tomb:2:   uniq_mara
Depths:1: enter_ziggurat_d, lightli_too_deep, minmay_misc_feat_x, pan_entry,
          lemuel_jelly_drop
Depths:2: lemuel_troll_bridge, hell_entry, minivault_11,
          infiniplex_staircase_pillars_1, serial_bayou_shore_a
Depths:3: due_chaos_kobolds, minmay_misc_feat_plants, rand_demon_pan_entry_5,
          serial_shops, bzr_entry_lakeside, grunt_hell_entry_dis_grunt,
          kennysheep_generic_room_8, infiniplex_staircase_zigzag_1,
          grunt_megastairs_2, serial_bayou_shore_b, basic_stair_grate_trap
Depths:4: cross_vault, abyss_entry_crystal, hell_entry,
          infiniplex_staircase_squiggle
Depths:5: grunt_profane_halls, hell_entry, uniq_frederick
Dis:1:    evilmike_ambush
Dis:3:    nrook_loot_triangle
Dis:7:    iron_city_of_dis, hangedman_dis_chains
Geh:2:    hangedman_elemental_grid_stream
Geh:7:    geh_old
Abyss:1:  evilmike_abyss_exit_4
Abyss:4:  hangedman_abyss_lost_library, hangedman_abyss_or_decor_stagger,
          minivault_19, hangedman_abyss_batty_box, hangedman_decor_lopped,
          guppyfry_abyss_exit_glass_guarded, evilmike_abyss_exit_15,
          serial_sigils_hangedman_gut
Bazaar:   bazaar_minmay_mutagenic_fog

Action                   |  1- 3 |  4- 6 |  7- 9 | 10-12 | 13-15 | 16-18 | 19-21 | 22-24 | 25-27 || total
-------------------------+-------+-------+-------+-------+-------+-------+-------+-------+-------++-------
Melee: Hand axe          |    78 |   128 |   110 |       |       |       |       |       |       ||   316
       Battleaxe         |       |       |   127 |   560 |  1295 |  1358 |  1328 |  1405 |    34 ||  6107
       Executioner's axe |       |       |       |       |    34 |       |       |       |  4979 ||  5013
       Bardiche          |       |       |       |       |       |       |       |       |    99 ||    99
Throw: Javelin           |       |       |       |       |       |       |       |       |    18 ||    18
Invok: Berserk           |     1 |     1 |     5 |     8 |    14 |     6 |     6 |    13 |    17 ||    71
       Trog's Hand       |       |     1 |     3 |     3 |     3 |     4 |    14 |    24 |    50 ||   102
       Burn Spellbooks   |       |       |       |     2 |     2 |       |     4 |     5 |    12 ||    25
       Brothers in Arms  |       |       |       |     4 |     4 |     4 |     4 |     3 |     7 ||    26
 Abil: Evoke Teleportati |       |       |       |       |       |       |       |       |     1 ||     1
       Evoke Flight      |       |       |       |       |       |       |       |       |     1 ||     1
Evoke: Wand              |       |       |       |       |       |     1 |       |       |     5 ||     6
       Stone of tremors  |       |       |       |       |       |     1 |       |       |       ||     1
       Disc of storms    |       |       |       |       |       |     1 |       |       |       ||     1
       Lamp of fire      |       |       |       |       |       |       |       |       |     1 ||     1
       Box of beasts     |       |       |       |       |       |       |       |       |     1 ||     1
  Use: Scroll            |     5 |     2 |     3 |    10 |     6 |    16 |     8 |     9 |    39 ||    98
       Potion            |       |       |       |     1 |    11 |       |     3 |    12 |    15 ||    42
 Stab: Distracted        |       |       |       |       |     1 |       |     3 |     5 |    27 ||    36
       Sleeping          |       |       |       |       |       |       |       |       |    10 ||    10
  Eat: Chunk             |     2 |     6 |    15 |    39 |    51 |    29 |    12 |    42 |    55 ||   251
       Fruit             |       |       |     4 |     2 |     3 |    12 |     1 |     6 |     7 ||    35
       Royal jelly       |       |       |       |     5 |     3 |     2 |     5 |       |     2 ||    17
       Meat ration       |       |       |       |       |     1 |       |     5 |     5 |    22 ||    33
       Beef jerky        |       |       |       |       |     2 |     2 |     1 |     4 |     1 ||    10
       Pizza             |       |       |       |       |       |       |       |     2 |     2 ||     4
       Bread ration      |       |       |       |       |       |       |       |       |     1 ||     1
